 Dungeon Crawl Stone Soup version 0.21.1-1-g345015f (webtiles) character file.

174 Curus the Changer (level 5, -5/37 HPs)
             Began as a Merfolk Transmuter on Feb 19, 2018.
             Slain by Natasha (7 damage)
             ... on level 2 of the Dungeon.
             The game lasted 00:10:25 (2824 turns).

Curus the Changer (Merfolk Transmuter)              Turns: 2824, Time: 00:10:26

Health: -5/37      AC:  2    Str: 10    XL:     5   Next: 54%
Magic:  4/8        EV: 20    Int: 13    God:
Gold:   95         SH:  0    Dex: 18    Spells: 4/8 levels left

rFire    . . .     SeeInvis +     - Unarmed
rCold    . . .     Gourm    .   (shield currently unavailable)
rNeg     . . .     Faith    .   (armour currently unavailable)
rPois    x         Spirit   .   (helmet currently unavailable)
rElec    .         Reflect  .   (cloak currently unavailable)
rCorr    .         Harm     .   (gloves currently unavailable)
MR       .....                  (boots currently unavailable)
Stlth    ++........             (no amulet)
HPRegen  0.12/turn              (no ring)
MPRegen  0.11/turn              (no ring)

@: spider-form, slowed, very slow
A: tiny, (change form in water), (swift swim), (stealthy swim), see invisible,
clumsy 1
a: End Transformation


You were on level 2 of the Dungeon.
You were hungry.
You were a venomous arachnid creature.
You visited 1 branch of the dungeon, and saw 3 of its levels.

You collected 95 gold pieces.

Inventory:

Missiles
 a - 12 arrows
Armour
 b - a +1 robe
 h - a +3 leather armour (melded)
Scrolls
 f - 3 scrolls of remove curse
 g - a scroll of identify
Potions
 e - a potion of might
 i - a potion of curing
Books
 c - a book of Changes

   Spells                             Type                      Level
   a - Beastly Appendage              Transmutation                1
   b - Sticks to Snakes               Transmutation                2
   c - Spider Form                    Transmutation/Poison         3
   d - Ice Form                       Ice/Transmutation            4
   e - Blade Hands                    Transmutation                5
Comestibles
 d - 4 rations


   Skills:
 - Level 1.1 Fighting
 - Level 2.6 Dodging
 - Level 3.2 Unarmed Combat
 - Level 2.0 Spellcasting
 + Level 4.9 Transmutations
 + Level 4.3 Poison Magic


You had 4 spell levels left.
You knew the following spells:

 Your Spells              Type           Power        Failure   Level  Hunger
a - Beastly Appendage     Tmut           ##....       11%         1    ##.....
b - Spider Form           Tmut/Pois      ##........   26%         3    ####...


Dungeon Overview and Level Annotations

Branches:
Dungeon (3/15)

Altars:

Annotations:
D:2 Natasha
D:3 Quirk's ghost, amateur GnFi


Innate Abilities, Weirdness & Mutations

((You revert to your normal form in water.))
((You are very nimble and swift while swimming.))
((You are very stealthy in the water. (Stealth+)))
((You are partially covered in large bone plates. (SH +4)))
You have supernaturally acute eyesight. (SInv)
You are clumsy. (Dex -2)


Message History

Natasha claws you but does no damage.
The crimson imp hits you but does no damage.
You hit Natasha.
Natasha is almost dead.
Natasha casts a spell.
You block the crimson imp's attack. Natasha claws you.
* * * LOW HITPOINT WARNING * * *
Your leather armour prevents you from hitting Natasha.
Natasha is almost dead.
The crimson imp disappears in a puff of smoke!
Natasha stares at you and mumbles some strange words.
The magic dart hits you!
* * * LOW HITPOINT WARNING * * *
Casting: Beastly Appendage
Confirm with . or Enter, or press ? or * to list all spells.
Your horns disappear.
You turn into a venomous arachnid creature.
Your +3 leather armour melds into your body.
Natasha claws you!
You die...

#.# #.# #.# ###########
#.###.........# ###
#.#.....#####.#
#####.#####.#>###.### #.#
#.............# #...# #.#
##.###.#.##...h###.#.# #.#
#........#...5.s...#.###.#
#..###...##...##.........#
#..#.....###.#######.#####
##..#.#...# #.# #.#
...(......# #.# #.#
.#.#####.####'## #.#
......##.###...## #.#
.#.##.##.##.....## #.###
.....)...#.......## #.#.##


You could see Natasha and a shadow imp.

Vanquished Creatures
  An orc wizard (D:3)
  Natasha (D:2)
  3 gnolls (D:2)
  2 adders
  A worm (D:3)
  3 dart slugs (D:1)
  2 leopard geckos
  2 orcs (D:3)
  6 bats
  2 giant cockroaches
  7 goblins
  6 hobgoblins
  4 jackals
  4 quokkas
  3 ball pythons
  A frilled lizard (D:1)
  7 kobolds
  6 rats
61 creatures vanquished.

Notes
Turn   | Place    | Note
-------+----------+-------------------------------------------
     0 | D:1      | Curus the Merfolk Transmuter began the quest for the Orb.
     0 | D:1      | Reached XP level 1. HP: 15/15 MP: 3/3
    78 | D:1      | Reached XP level 2. HP: 13/21 MP: 5/5
   380 | D:1      | Reached XP level 3. HP: 21/26 MP: 6/6
   386 | D:1      | Learned a level 3 spell: Spider Form
   753 | D:1      | Reached skill level 1 in Poison Magic
  1468 | D:2      | Noticed Natasha
  1476 | D:2      | Killed Natasha
  1476 | D:2      | Reached XP level 4. HP: 10/32 MP: 3/7
  1822 | D:2      | Reached XP level 5. HP: 30/37 MP: 6/8
  2055 | D:3      | Gained mutation: You are clumsy. (Dex -2) [potion of mutation]
  2055 | D:3      | Gained mutation: You have supernaturally acute eyesight. (SInv) [potion of mutation]
  2055 | D:3      | Gained mutation: You are partially covered in large bone plates. (SH +4) [potion of mutation]
  2122 | D:3      | Found a faded altar of an unknown god.
  2505 | D:3      | Noticed Quirk's ghost (amateur GnFi)
  2798 | D:2      | Noticed Natasha
  2824 | D:2      | Slain by Natasha

Skill      XL: |  1  2  3  4  5 |
---------------+----------------+-----
Transmutations | 3 4 |  4.9
Poison Magic   | 2 3 4 |  4.3
Fighting       | |  1.1
Dodging        | |  2.6
Unarmed Combat | |  3.2
Spellcasting   | |  2.0

Action                   |  1- 3 |  4- 6 || total
-------------------------+-------+-------++-------
Melee: Unarmed           |    99 |   140 ||   239
       Punch             |     3 |       ||     3
       Headbutt          |     2 |     2 ||     4
 Cast: Beastly Appendage |     8 |     4 ||    12
       Spider Form       |     1 |     2 ||     3
  Use: Scroll            |     6 |     2 ||     8
       Potion            |     5 |     2 ||     7
 Stab: Sleeping          |     1 |       ||     1
  Eat: Chunk             |     1 |     5 ||     6
Armor: Robe              |    13 |       ||    13
       Leather armour    |       |    28 ||    28
       Skin              |       |     2 ||     2
Dodge: Dodged            |    58 |   132 ||   190
Block: Other             |       |     7 ||     7
